 Dungeon Crawl Stone Soup version 0.28-a0-1236-gb25a51b929 (webtiles) character file.

Game seed: 10055194729974980408

256 blank1 the Skirmisher (level 5, 0/48 HPs)
             Began as a Minotaur Fighter on Dec 26, 2021.
             Succumbed to Dowan's poison
             ... on level 5 of the Dungeon.
             The game lasted 00:02:46 (1988 turns).

blank1 the Skirmisher (Minotaur Fighter)            Turns: 1988, Time: 00:02:47

Health: 0/48       AC:  7    Str: 22    XL:     5   Next: 92%
Magic:  4/4        EV: 10    Int:  5    God:
Gold:   125        SH:  4    Dex: 10    Spells: 4/4 levels left

rFire   . . .      SeeInvis .   k - +2 spear (vorpal)
rCold   . . .      Faith    .   c - +0 buckler
rNeg    . . .      Spirit   .   b - +0 scale mail
rPois   .          Reflect  .   (helmet restricted)
rElec   .          Harm     .   (no cloak)
rCorr   .          Rampage  .   (no gloves)
Will    .....                   (no boots)
Stlth   ..........              (no amulet)
HPRegen 0.16/turn               (no ring)
MPRegen 0.09/turn               (no ring)

@: mighty, lethally poisoned (0 -> -16)
A: horns 2, retaliatory headbutt
a: no special abilities


You were on level 5 of the Dungeon.
You visited 1 branch of the dungeon, and saw 4 of its levels.

You collected 125 gold pieces.

Inventory:

Hand Weapons
 a - a +0 trident
 k - a +2 vorpal spear (weapon)
Armour
 b - a +0 scale mail (worn)
 c - a +0 buckler (worn)
Jewellery
 n - a ring of protection from fire
Scrolls
 e - a scroll of teleportation {unknown}
 f - 4 scrolls of identify
 g - a scroll of magic mapping {unknown}
 i - a scroll of enchant weapon {unknown}
 o - a scroll of amnesia {unknown}
Potions
 d - a potion of might
 j - a potion of heal wounds {unknown}
 l - a potion of haste {unknown}
 m - a potion of magic {unknown}


   Skills:
 - Level 5.0 Fighting
 + Level 4.6 Polearms
 + Level 4.6 Armour
 + Level 2.9 Dodging
 - Level 4.0 Shields


You had 4 spell levels left.
You didn't know any spells.
Your spell library contained the following spells:

 Spells                   Type           Power      Damage    Failure   Level
 Passwall                 Tmut/Erth      0%         N/A       90%         2
 Swiftness                Air            0%         N/A       99%         3


Dungeon Overview and Level Annotations

Branches:
Dungeon (3/15)

Altars:
Cheibriados

Annotations:
D:5 Dowan


Innate Abilities, Weirdness & Mutations

You have a pair of horns on your head.
You reflexively headbutt those who attack you in melee.


Message History

You puncture Duvessa!
Duvessa is heavily wounded.
You feel very sick. The orc hits you but does no damage.
Duvessa hits you with a +0 rapier. Dowan misses you.
You puncture Duvessa!
Duvessa is almost dead.
You feel sick. The orc completely misses you.
Duvessa hits you with a +0 rapier.
Dowan hits you with a +0 dagger of venom.
You are more poisoned.
You puncture Duvessa!
You kill Duvessa!
Dowan screams, "No!
Oh no!"
Dowan seems to find hidden reserves of power!
You feel very sick. Dowan casts a spell at you. The shard of ice hits you!
* * * LOW HITPOINT WARNING * * *
The orc completely misses you. You furiously retaliate!
You headbutt the orc!!
You kill the orc!
You feel better.
Dowan casts a spell.
Dowan blinks!
Dowan mumbles some strange words.
Dowan blinks!
Things that are here:
a +0 rapier; a +0 leather armour You barely miss Dowan.
Dowan hits you with a +0 dagger of venom.
* * * LOW HITPOINT WARNING * * *
Dowan hits you but does no damage.
You are lethally poisoned!
You barely miss Dowan.
* * * LOW HITPOINT WARNING * * *
You feel sick. Dowan hits you but does no damage.
You are more poisoned.
You hit Dowan.
Dowan is moderately wounded.
You die...

#.# ..#
##.####..#
#....... ......
#...#
######.).##
#.........# #
#...##)...# #.
######@...#
#..##...##e...#
#.............#
..##.........#
#.........#
#...##....#
#########.# ###


You could see Dowan (fast).

Vanquished Creatures
  Duvessa (D:5)
  2 hound skeletons (D:2)
  4 gnolls
  2 adders
  4 worms
  2 orcs
  5 bats
  2 endoplasms
  2 giant cockroaches (D:1)
  4 goblins
  6 hobgoblins
  7 jackals (D:2)
  3 quokkas
  7 ball pythons
  5 frilled lizards
  6 kobolds
  4 rats
66 creatures vanquished.

Notes
Turn   | Place    | Note
-------+----------+-------------------------------------------
     0 | D:1      | blank1 the Minotaur Fighter began the quest for the Orb.
     0 | D:1      | Reached XP level 1. HP: 19/19 MP: 0/0
   193 | D:1      | Reached XP level 2. HP: 27/27 MP: 1/1
   409 | D:1      | Reached skill level 1 in Dodging
   499 | D:1      | Found a faded altar of an unknown god.
   556 | D:1      | Reached skill level 4 in Fighting
   810 | D:2      | Reached XP level 3. HP: 33/33 MP: 2/2
   992 | D:2      | Reached XP level 4. HP: 41/41 MP: 3/3
  1686 | D:2      | Reached skill level 5 in Fighting
  1686 | D:2      | Reached XP level 5. HP: 35/48 MP: 4/4
  1835 | D:3      | Found a snail-covered altar of Cheibriados.
  1957 | D:3      | You fall into a shaft and drop 2 floors!
  1957 | D:5      | Entered Level 5 of the Dungeon
  1972 | D:5      | Noticed Duvessa
  1973 | D:5      | Noticed Dowan
  1981 | D:5      | Killed Duvessa
  1981 | D:5      | HP: 1/48 [Dowan/shard of ice (14)]
  1988 | D:5      | Succumbed to Dowan's poison

Illustrated notes

Levels and vault maps discovered:
D:1:      dpeg_arrival_simpleton_c, layout_loops_cross,
          dilly_ecumenical_altar_fadedgnrine
D:2:      minmay_chambers_of_twos, layout_basic, hangedman_decor_clover_reticule
D:3:      layout_basic, mainiacjoe_overflow_paths
D:5:      layout_gridville, kennysheep_little_box, nicolae_figureground_pulse,
          uniq_menkaure, uniq_duvessa

Skill      XL: |  1  2  3  4 |
---------------+-------------+-----
Dodging        | 1 2 |  2.9
Fighting       | 4 5 |  5.0
Shields        | 4 |  4.0
Armour         | 4 |  4.6
Polearms       | 3 4 |  4.6

Action                   |  1- 3 |  4- 6 || total
-------------------------+-------+-------++-------
Melee: Trident           |    76 |    50 ||   126
       Headbutt          |     9 |     3 ||    12
       Spear             |       |    40 ||    40
  Use: Potion            |       |     2 ||     2
       Scroll            |       |     1 ||     1
Armor: Scale mail        |    21 |    29 ||    50
Dodge: Dodged            |    22 |    39 ||    61
Block: Buckler           |     8 |    10 ||    18

Table legend: (Time is in decaauts)
 A = Elapsed time spent in this place.
 B = Non-inter-level travel time spent in this place.
 C = Inter-level travel time spent in this place.
 D = Time resting spent in this place.
 E = Time spent auto-exploring this place.
 F = Levels seen in this place.
 G = Mean time per level.
                   A        B        C        D        E       F      G
               +--------+--------+--------+--------+--------+-----+--------+
         Total |   2003 |   1957 |     46 |    116 |   1462 |   4 |  500.8 |
       Dungeon |   2003 |   1957 |     46 |    116 |   1462 |   4 |  500.8 |
               +--------+--------+--------+--------+--------+-----+--------+

Top non-repeatable levels by time:
     D:2: 933 daAuts
     D:1: 895 daAuts
     D:3: 144 daAuts
     D:5: 29 daAuts
